Flames vs Sabres

Created - February 10 2012 at 18:15

Goals
1 2 3 T
Flames 0 2 1 3
Sabres 1 1 0 2
Shots
1 2 3 T
Flames 12 7 4 23
Sabres 6 13 9 28

Period #1

1. Sabres , Mike Knuble 13 (Jeff Schultz, Dan Cleary) at 7:53

Penalties :
Toni Lydman (CGY) for Slashing (Minor) at 2:32, Victor Hedman (BUF) for High sticking (Minor) at 5:36, Devin Setoguchi (CGY) for Hooking (Minor) at 11:28

Period #2

2. Flames , Erik Johnson 4 (Brenden Morrow, Ryan Kesler) at 2:01 (PP)
3. Flames , Dustin Brown 19 (Michael Grabner, Toni Lydman) at 4:14
4. Sabres , Dan Cleary 27 (Marian Hossa, Jordan Staal) at 8:41 (PP)

Penalties :
Brad Stuart (BUF) for Slashing (Minor) at 0:33, Jack Johnson (CGY) for Hooking (Minor) at 7:56, Mike Knuble (BUF) for Fighting (Major) at 12:05, David Jones (CGY) for Fighting (Major) at 12:05, Devin Setoguchi (CGY) for Holding (Minor) at 13:06, Niklas Kronwall (CGY) for Interference (Minor) at 17:11, Jiri Hudler (CGY) for Slashing (Minor) at 19:11

Period #3

5. Flames , Anze Kopitar 26 (Dustin Brown, Toni Lydman) at 13:35

Penalties :
No Penalty

Goalie Stats

Tim Thomas (CGY), 26 saves from 28 shots - (0.929), W, 19-10-2, 60:00 minutes
Devan Dubnyk (BUF), 20 saves from 23 shots - (0.870), L, 12-10-1, 59:31 minutes

Players Stats

Flames
Player Name              G  A  P  +/- PIM S  H  SB FO    MP 
------------------------------------------------------------
Andrew MacDonald         0  0  0  -1  0   1  2  1  0/0   17 
Anze Kopitar             1  0  1   2  0   3  0  0  12/29 21 
Brenden Morrow           0  1  1   0  0   1  1  0  1/4   22 
Dan Boyle                0  0  0   0  0   2  2  1  0/0   22 
Dan Hamhuis              0  0  0   2  0   2  0  2  0/0   19 
David Jones              0  0  0   0  5   2  2  0  0/3   15 
Devin Setoguchi          0  0  0  -1  4   0  3  0  0/0   7  
Dustin Brown             1  1  2   2  0   3  5  0  0/0   12 
Erik Johnson             1  0  1   0  0   1  0  0  0/0   5  
Jack Johnson             0  0  0  -1  2   2  3  0  0/0   17 
Jiri Hudler              0  0  0  -1  2   0  2  0  0/0   17 
Michael Grabner          0  1  1   2  0   1  0  0  0/1   16 
Mikael Samuelsson        0  0  0   0  0   2  1  0  0/3   20 
Niklas Kronwall          0  0  0   0  2   0  1  1  0/0   22 
Pierre-Marc Bouchard     0  0  0  -1  0   1  0  0  6/17  17 
Robyn Regehr             0  0  0   0  0   0  0  0  0/0   3  
Ryan Kesler              0  1  1   0  0   2  1  1  13/25 22 
Toni Lydman              0  2  2   2  2   0  1  0  0/0   14 
Sabres
Player Name              G  A  P  +/- PIM S  H  SB FO    MP 
------------------------------------------------------------
Brad Stuart              0  0  0   0  2   1  5  0  0/0   22 
Brett Sterling           0  0  0   0  0   0  0  0  0/0   3  
Chris Stewart            0  0  0   0  0   6  0  0  1/2   20 
Dan Cleary               1  1  2  -1  0   3  0  0  0/0   20 
David Legwand            0  0  0  -1  0   0  1  0  13/19 18 
Eric Fehr                0  0  0   0  0   0  0  0  0/0   1  
Henrik Zetterberg        0  0  0   0  0   1  0  0  21/30 23 
Jay Bouwmeester          0  0  0   0  0   1  0  0  0/0   22 
Jeff Schultz             0  1  1  -1  0   0  1  1  0/0   16 
Jordan Staal             0  1  1   0  0   0  1  0  12/24 20 
Marian Hossa             0  1  1   0  0   1  1  0  3/3   19 
Mike Knuble              1  0  1  -1  5   5  1  0  0/1   17 
Mike Richards            0  0  0   0  0   3  3  1  0/2   15 
Ryan Carter              0  0  0   0  0   0  0  0  0/0   0  
Trevor Daley             0  0  0   0  0   2  0  1  0/0   21 
Tuomo Ruutu              0  0  0   0  0   2  4  0  0/1   20 
Tyler Myers              0  0  0   0  0   1  2  2  0/0   20 
Victor Hedman            0  0  0  -1  2   2  0  0  0/0   18 

3 Stars

1 - Dustin Brown (CGY)
2 - Anze Kopitar (CGY)
3 - Dan Cleary (BUF)

Power Play

Flames - 1 on 2 Attempt(s) - 50.00%
Sabres - 1 on 6 Attempt(s) - 16.67%

Penalty Kill

Flames - 5 on 6 Attempt(s) - 83.33% - Score 0 goal in Penalty Kill
Sabres - 1 on 2 Attempt(s) - 50.00% - Score 0 goal in Penalty Kill

Game Notes

David Jones beats up Mike Knuble at 12:05 of 2nd period

Finance

Level 1 -- Attendance: 6487 (99.80%) -- Ticket Income $557,882.00
Level 2 -- Attendance: 5000 (100.00%) -- Ticket Income $250,000.00
Level 3 -- Attendance: 3500 (100.00%) -- Ticket Income $105,000.00
Level 4 -- Attendance: 2574 (95.69%) -- Ticket Income $48,906.00
Luxury Box -- Attendance: 1000 (100.00%) -- Ticket Income $166,000.00
Game was played at the HSBC Arena
Total Attendance: 18561 (99.31%)
Total Ticket Income: $1,222,637.00
Other Income: $221,085.30
Total Income: $1,443,722.00


Play by Play

Period #1

0:01 of 1st period - Henrik Zetterberg wins face-off versus Ryan Kesler in neutral zone.
0:12 of 1st period - Shot by Tuomo Ruutu.
0:12 of 1st period - Stopped by Tim Thomas without a rebound.
0:13 of 1st period - Jordan Staal wins face-off versus Anze Kopitar in Flames zone.
0:52 of 1st period - Shot by Mike Richards.
0:52 of 1st period - Stopped by Tim Thomas without a rebound.
0:53 of 1st period - Henrik Zetterberg wins face-off versus Ryan Kesler in Flames zone.
1:09 of 1st period - Ryan Kesler is hit by Tuomo Ruutu and loses puck.
1:19 of 1st period - Icing by Dan Boyle.
1:20 of 1st period - Brenden Morrow wins face-off versus David Legwand in Flames zone.
1:20 of 1st period - Brenden Morrow is hit by Mike Knuble.
1:29 of 1st period - Off-side.
1:30 of 1st period - David Legwand wins face-off versus Pierre-Marc Bouchard in neutral zone.
2:06 of 1st period - Shot by Mike Knuble.
2:06 of 1st period - Stopped by Tim Thomas without a rebound.
2:07 of 1st period - Anze Kopitar wins face-off versus Chris Stewart in Flames zone.
2:20 of 1st period - Henrik Zetterberg is hit by Dustin Brown and loses puck.
2:32 of 1st period - Minor Penalty to Toni Lydman for Slashing.
2:33 of 1st period - Anze Kopitar wins face-off versus Jordan Staal in Flames zone.
2:56 of 1st period - Shot by Marian Hossa.
2:56 of 1st period - Shot Misses the Net.
2:58 of 1st period - Shot by Jay Bouwmeester.
2:58 of 1st period - Shot Misses the Net.
3:00 of 1st period - Shot by Trevor Daley.
3:00 of 1st period - Shot Misses the Net.
3:02 of 1st period - Shot by Trevor Daley.
3:02 of 1st period - Stopped by Tim Thomas with a rebound.
4:03 of 1st period - Icing by Brad Stuart.
4:04 of 1st period - Henrik Zetterberg wins face-off versus Anze Kopitar in Sabres zone.
4:39 of 1st period - Shot by Andrew MacDonald.
4:39 of 1st period - Stopped by Devan Dubnyk with a rebound.
4:47 of 1st period - Shot by Pierre-Marc Bouchard.
4:47 of 1st period - Shot Misses the Net.
4:52 of 1st period - Off-side.
4:53 of 1st period - Marian Hossa wins face-off versus Anze Kopitar in neutral zone.
4:56 of 1st period - Shot by Marian Hossa.
4:56 of 1st period - Shot Misses the Net.
5:04 of 1st period - Shot by Dustin Brown.
5:04 of 1st period - Shot Misses the Net.
5:06 of 1st period - Shot by Anze Kopitar.
5:06 of 1st period - Deflect By Michael Grabner.
5:06 of 1st period - Shot Blocked by Tyler Myers.
5:08 of 1st period - Shot by Toni Lydman.
5:08 of 1st period - Shot Blocked by Tyler Myers.
5:10 of 1st period - Shot by Anze Kopitar.
5:10 of 1st period - Shot Misses the Net.
5:12 of 1st period - Shot by Dan Hamhuis.
5:12 of 1st period - Shot Misses the Net.
5:14 of 1st period - Shot by Dan Hamhuis.
5:14 of 1st period - Stopped by Devan Dubnyk with a rebound.
5:16 of 1st period - Shot by Anze Kopitar.
5:16 of 1st period - Stopped by Devan Dubnyk without a rebound.
5:17 of 1st period - Pierre-Marc Bouchard wins face-off versus Mike Knuble in Sabres zone.
5:36 of 1st period - Shot by David Jones.
5:36 of 1st period - Stopped by Devan Dubnyk without a rebound.
5:36 of 1st period - Minor Penalty to Victor Hedman for High sticking.
5:37 of 1st period - Jordan Staal wins face-off versus David Jones in Sabres zone.
6:40 of 1st period - Shot by Jack Johnson.
6:40 of 1st period - Stopped by Devan Dubnyk with a rebound.
6:42 of 1st period - Shot by Anze Kopitar.
6:42 of 1st period - Shot Misses the Net.
6:44 of 1st period - Shot by Dan Boyle.
6:44 of 1st period - Stopped by Devan Dubnyk without a rebound.
6:45 of 1st period - Anze Kopitar wins face-off versus Mike Richards in Sabres zone.
6:59 of 1st period - Shot by Dustin Brown.
6:59 of 1st period - Shot Misses the Net.
7:01 of 1st period - Shot by Jack Johnson.
7:01 of 1st period - Shot Misses the Net.
7:03 of 1st period - Shot by Anze Kopitar.
7:03 of 1st period - Stopped by Devan Dubnyk without a rebound.
7:04 of 1st period - Ryan Kesler wins face-off versus Jordan Staal in Sabres zone.
7:42 of 1st period - Victor Hedman is hit by Andrew MacDonald and loses puck.
7:51 of 1st period - Shot by Mike Knuble.
7:51 of 1st period - Shot Misses the Net.
7:53 of 1st period - Shot by Mike Knuble.
7:53 of 1st period - Goal by Mike Knuble - Flames : 0 - Sabres : 1.
7:54 of 1st period - Henrik Zetterberg wins face-off versus Anze Kopitar in neutral zone.
7:59 of 1st period - Shot by Chris Stewart.
7:59 of 1st period - Stopped by Tim Thomas without a rebound.
8:00 of 1st period - Anze Kopitar wins face-off versus David Legwand in Flames zone.
8:05 of 1st period - David Legwand is hit by Dustin Brown and loses puck.
8:15 of 1st period - Icing by Mike Knuble.
8:16 of 1st period - David Legwand wins face-off versus Pierre-Marc Bouchard in Sabres zone.
8:29 of 1st period - David Legwand is hit by David Jones and loses puck.
9:15 of 1st period - Dan Boyle is hit by Mike Richards and loses puck.
9:26 of 1st period - Shot by Niklas Kronwall.
9:26 of 1st period - Shot Misses the Net.
9:49 of 1st period - Brenden Morrow is hit by Tyler Myers and loses puck.
10:35 of 1st period - Shot by Michael Grabner.
10:35 of 1st period - Stopped by Devan Dubnyk without a rebound.
10:36 of 1st period - Henrik Zetterberg wins face-off versus Pierre-Marc Bouchard in Sabres zone.
10:36 of 1st period - Henrik Zetterberg is hit by Jiri Hudler.
10:47 of 1st period - Off-side.
10:48 of 1st period - Ryan Kesler wins face-off versus Henrik Zetterberg in neutral zone.
11:16 of 1st period - Shot by Ryan Kesler.
11:16 of 1st period - Stopped by Devan Dubnyk without a rebound.
11:17 of 1st period - David Legwand wins face-off versus Anze Kopitar in Sabres zone.
11:17 of 1st period - David Legwand is hit by Devin Setoguchi.
11:28 of 1st period - Minor Penalty to Devin Setoguchi for Hooking.
11:29 of 1st period - Henrik Zetterberg wins face-off versus Ryan Kesler in Flames zone.
11:58 of 1st period - Shot by Henrik Zetterberg.
11:58 of 1st period - Shot Misses the Net.
14:53 of 1st period - Shot by Tuomo Ruutu.
14:53 of 1st period - Shot Misses the Net.
14:57 of 1st period - Shot by Henrik Zetterberg.
14:57 of 1st period - Shot Misses the Net.
15:01 of 1st period - Shot by Tuomo Ruutu.
15:01 of 1st period - Shot Misses the Net.
15:03 of 1st period - Shot by Tuomo Ruutu.
15:03 of 1st period - Shot Misses the Net.
15:05 of 1st period - Shot by Brad Stuart.
15:05 of 1st period - Shot Blocked by Dan Hamhuis.
15:07 of 1st period - Shot by Jay Bouwmeester.
15:07 of 1st period - Shot Blocked by Dan Hamhuis.
15:24 of 1st period - Icing by Victor Hedman.
15:25 of 1st period - Ryan Kesler wins face-off versus David Legwand in Sabres zone.
15:51 of 1st period - Shot by Mikael Samuelsson.
15:51 of 1st period - Stopped by Devan Dubnyk with a rebound.
16:33 of 1st period - Marian Hossa is hit by Jack Johnson and loses puck.
16:38 of 1st period - Shot by Jordan Staal.
16:38 of 1st period - Shot Misses the Net.
16:41 of 1st period - Marian Hossa is hit by Jack Johnson and loses puck.
17:22 of 1st period - Devin Setoguchi is hit by Brad Stuart and loses puck.
17:34 of 1st period - Icing by Brad Stuart.
17:35 of 1st period - Henrik Zetterberg wins face-off versus Anze Kopitar in Sabres zone.
18:52 of 1st period - Shot by David Jones.
18:52 of 1st period - Stopped by Devan Dubnyk with a rebound.
19:33 of 1st period - Shot by Dustin Brown.
19:33 of 1st period - Stopped by Devan Dubnyk without a rebound.
19:34 of 1st period - Henrik Zetterberg wins face-off versus Ryan Kesler in Sabres zone.
19:38 of 1st period - Off-side.
19:39 of 1st period - Henrik Zetterberg wins face-off versus Ryan Kesler in neutral zone.
19:43 of 1st period - Chris Stewart is hit by Niklas Kronwall and loses puck.

Period #2

0:01 of 2nd period - Henrik Zetterberg wins face-off versus Ryan Kesler in neutral zone.
0:12 of 2nd period - Shot by Chris Stewart.
0:12 of 2nd period - Deflect By Tuomo Ruutu.
0:12 of 2nd period - Shot Misses the Net.
0:25 of 2nd period - Mikael Samuelsson is hit by Brad Stuart and loses puck.
0:33 of 2nd period - Minor Penalty to Brad Stuart for Slashing.
0:34 of 2nd period - Anze Kopitar wins face-off versus Mike Richards in Sabres zone.
0:43 of 2nd period - Shot by Michael Grabner.
0:43 of 2nd period - Shot Misses the Net.
0:52 of 2nd period - Icing by Dan Boyle.
0:53 of 2nd period - Jordan Staal wins face-off versus Anze Kopitar in Flames zone.
1:28 of 2nd period - Shot by Trevor Daley.
1:28 of 2nd period - Deflect By Jordan Staal.
1:28 of 2nd period - Shot Misses the Net.
1:46 of 2nd period - Off-side.
1:47 of 2nd period - Jordan Staal wins face-off versus Brenden Morrow in neutral zone.
2:01 of 2nd period - Shot by Erik Johnson.
2:01 of 2nd period - Goal by Erik Johnson - Flames : 1 - Sabres : 1.
2:02 of 2nd period - David Legwand wins face-off versus Pierre-Marc Bouchard in neutral zone.
2:26 of 2nd period - Shot by Mike Knuble.
2:26 of 2nd period - Stopped by Tim Thomas without a rebound.
2:27 of 2nd period - Ryan Kesler wins face-off versus Jordan Staal in Flames zone.
2:44 of 2nd period - Shot by Mikael Samuelsson.
2:44 of 2nd period - Shot Misses the Net.
2:46 of 2nd period - Shot by Brenden Morrow.
2:46 of 2nd period - Deflect By Mikael Samuelsson.
2:46 of 2nd period - Shot Misses the Net.
2:48 of 2nd period - Shot by Mikael Samuelsson.
2:48 of 2nd period - Shot Misses the Net.
3:02 of 2nd period - Shot by Ryan Kesler.
3:02 of 2nd period - Shot Misses the Net.
3:52 of 2nd period - Shot by Chris Stewart.
3:52 of 2nd period - Stopped by Tim Thomas without a rebound.
3:53 of 2nd period - David Legwand wins face-off versus Anze Kopitar in Flames zone.
4:14 of 2nd period - Shot by Dustin Brown.
4:14 of 2nd period - Goal by Dustin Brown - Flames : 2 - Sabres : 1.
4:15 of 2nd period - Henrik Zetterberg wins face-off versus Ryan Kesler in neutral zone.
5:13 of 2nd period - Shot by Dan Cleary.
5:13 of 2nd period - Deflect By Mike Knuble.
5:13 of 2nd period - Stopped by Tim Thomas without a rebound.
5:14 of 2nd period - Jordan Staal wins face-off versus Pierre-Marc Bouchard in Flames zone.
5:37 of 2nd period - Shot by Pierre-Marc Bouchard.
5:37 of 2nd period - Stopped by Devan Dubnyk without a rebound.
5:38 of 2nd period - David Legwand wins face-off versus Anze Kopitar in Sabres zone.
5:55 of 2nd period - Mike Knuble is hit by Dustin Brown and loses puck.
6:11 of 2nd period - Icing by Toni Lydman.
6:12 of 2nd period - Henrik Zetterberg wins face-off versus Anze Kopitar in Flames zone.
6:17 of 2nd period - Shot by Chris Stewart.
6:17 of 2nd period - Stopped by Tim Thomas with a rebound.
6:19 of 2nd period - Shot by Brad Stuart.
6:19 of 2nd period - Shot Misses the Net.
6:32 of 2nd period - Shot by Chris Stewart.
6:32 of 2nd period - Stopped by Tim Thomas without a rebound.
6:33 of 2nd period - Ryan Kesler wins face-off versus Jordan Staal in Flames zone.
6:33 of 2nd period - Ryan Kesler is hit by Mike Richards.
7:05 of 2nd period - Icing by Dan Boyle.
7:06 of 2nd period - Ryan Kesler wins face-off versus Tuomo Ruutu in Flames zone.
7:17 of 2nd period - Shot by Brenden Morrow.
7:17 of 2nd period - Shot Misses the Net.
7:19 of 2nd period - Shot by Niklas Kronwall.
7:19 of 2nd period - Shot Misses the Net.
7:23 of 2nd period - Shot by Dan Boyle.
7:23 of 2nd period - Stopped by Devan Dubnyk with a rebound.
7:30 of 2nd period - Icing by Jay Bouwmeester.
7:31 of 2nd period - Pierre-Marc Bouchard wins face-off versus Henrik Zetterberg in Sabres zone.
7:36 of 2nd period - Shot by Jack Johnson.
7:36 of 2nd period - Stopped by Devan Dubnyk without a rebound.
7:37 of 2nd period - David Legwand wins face-off versus David Jones in Sabres zone.
7:56 of 2nd period - Minor Penalty to Jack Johnson for Hooking.
7:57 of 2nd period - Ryan Kesler wins face-off versus Jordan Staal in Flames zone.
8:10 of 2nd period - Icing by Jay Bouwmeester.
8:11 of 2nd period - Jordan Staal wins face-off versus Ryan Kesler in Sabres zone.
8:33 of 2nd period - Shot by Trevor Daley.
8:33 of 2nd period - Stopped by Tim Thomas with a rebound.
8:37 of 2nd period - Shot by Jordan Staal.
8:37 of 2nd period - Shot Misses the Net.
8:39 of 2nd period - Shot by Dan Cleary.
8:39 of 2nd period - Deflect By Marian Hossa.
8:39 of 2nd period - Shot Misses the Net.
8:41 of 2nd period - Shot by Dan Cleary.
8:41 of 2nd period - Goal by Dan Cleary - Flames : 2 - Sabres : 2.
8:42 of 2nd period - Henrik Zetterberg wins face-off versus Pierre-Marc Bouchard in neutral zone.
8:44 of 2nd period - Chris Stewart is hit by Andrew MacDonald and loses puck.
9:24 of 2nd period - Icing by Jack Johnson.
9:25 of 2nd period - Pierre-Marc Bouchard wins face-off versus David Legwand in Flames zone.
9:25 of 2nd period - Pierre-Marc Bouchard is hit by David Legwand.
10:08 of 2nd period - Shot by Dustin Brown.
10:08 of 2nd period - Stopped by Devan Dubnyk without a rebound.
10:09 of 2nd period - Jordan Staal wins face-off versus Mikael Samuelsson in Sabres zone.
10:16 of 2nd period - Shot by Jordan Staal.
10:16 of 2nd period - Shot Blocked by Dan Boyle.
10:44 of 2nd period - Shot by Brenden Morrow.
10:44 of 2nd period - Shot Misses the Net.
10:46 of 2nd period - Shot by Ryan Kesler.
10:46 of 2nd period - Stopped by Devan Dubnyk without a rebound.
10:47 of 2nd period - Henrik Zetterberg wins face-off versus Anze Kopitar in Sabres zone.
10:54 of 2nd period - Tuomo Ruutu is hit by Devin Setoguchi and loses puck.
11:23 of 2nd period - Shot by Chris Stewart.
11:23 of 2nd period - Stopped by Tim Thomas with a rebound.
11:28 of 2nd period - Icing by Erik Johnson.
11:29 of 2nd period - David Legwand wins face-off versus Anze Kopitar in Flames zone.
11:30 of 2nd period - Shot by Mike Knuble.
11:30 of 2nd period - Shot Misses the Net.
12:05 of 2nd period - David Jones beats up Mike Knuble.
12:05 of 2nd period - Penalty to Mike Knuble for Fighting.
12:05 of 2nd period - Penalty to David Jones for Fighting.
12:06 of 2nd period - Jordan Staal wins face-off versus Brenden Morrow in Sabres zone.
12:06 of 2nd period - Jordan Staal is hit by Brenden Morrow.
12:15 of 2nd period - Mike Richards is hit by Dan Boyle and loses puck.
12:33 of 2nd period - Shot by Mike Richards.
12:33 of 2nd period - Stopped by Tim Thomas without a rebound.
12:34 of 2nd period - Pierre-Marc Bouchard wins face-off versus Henrik Zetterberg in Flames zone.
12:36 of 2nd period - Devin Setoguchi is hit by Tuomo Ruutu and loses puck.
12:42 of 2nd period - Jack Johnson is hit by Brad Stuart and loses puck.
13:02 of 2nd period - Henrik Zetterberg is hit by Jack Johnson and loses puck.
13:06 of 2nd period - Minor Penalty to Devin Setoguchi for Holding.
13:07 of 2nd period - Anze Kopitar wins face-off versus Jordan Staal in Flames zone.
14:02 of 2nd period - Icing by Tyler Myers.
14:03 of 2nd period - Chris Stewart wins face-off versus Anze Kopitar in Sabres zone.
14:35 of 2nd period - Off-side.
14:36 of 2nd period - Anze Kopitar wins face-off versus Jordan Staal in neutral zone.
14:59 of 2nd period - Shot by Marian Hossa.
14:59 of 2nd period - Stopped by Tim Thomas with a rebound.
15:01 of 2nd period - Shot by Jordan Staal.
15:01 of 2nd period - Shot Misses the Net.
15:03 of 2nd period - Shot by Victor Hedman.
15:03 of 2nd period - Stopped by Tim Thomas with a rebound.
15:25 of 2nd period - Off-side.
15:26 of 2nd period - Anze Kopitar wins face-off versus David Legwand in neutral zone.
15:28 of 2nd period - Off-side.
15:29 of 2nd period - Jordan Staal wins face-off versus Anze Kopitar in neutral zone.
15:29 of 2nd period - Jordan Staal is hit by Dustin Brown.
15:39 of 2nd period - Shot by Mike Richards.
15:39 of 2nd period - Stopped by Tim Thomas without a rebound.
15:40 of 2nd period - Pierre-Marc Bouchard wins face-off versus Henrik Zetterberg in Flames zone.
16:09 of 2nd period - Jay Bouwmeester is hit by Devin Setoguchi and loses puck.
16:29 of 2nd period - Icing by Jay Bouwmeester.
16:30 of 2nd period - Ryan Kesler wins face-off versus Henrik Zetterberg in Sabres zone.
17:11 of 2nd period - Minor Penalty to Niklas Kronwall for Interference.
17:12 of 2nd period - Ryan Kesler wins face-off versus Jordan Staal in Flames zone.
17:27 of 2nd period - Ryan Kesler is hit by Marian Hossa and loses puck.
18:08 of 2nd period - Shot by Tyler Myers.
18:08 of 2nd period - Shot Misses the Net.
18:57 of 2nd period - Dan Boyle is hit by Jordan Staal and loses puck.
19:11 of 2nd period - Minor Penalty to Jiri Hudler for Slashing.
19:12 of 2nd period - Henrik Zetterberg wins face-off versus Ryan Kesler in Flames zone.
19:19 of 2nd period - Shot by Tyler Myers.
19:19 of 2nd period - Stopped by Tim Thomas without a rebound.
19:20 of 2nd period - Anze Kopitar wins face-off versus Henrik Zetterberg in Flames zone.
19:53 of 2nd period - Icing by Henrik Zetterberg.
19:54 of 2nd period - Anze Kopitar wins face-off versus Henrik Zetterberg in Sabres zone.

Period #3

0:01 of 3rd period - Ryan Kesler wins face-off versus Henrik Zetterberg in neutral zone.
0:22 of 3rd period - Shot by Brad Stuart.
0:22 of 3rd period - Shot Misses the Net.
0:24 of 3rd period - Shot by Brad Stuart.
0:24 of 3rd period - Stopped by Tim Thomas without a rebound.
0:25 of 3rd period - Jordan Staal wins face-off versus Ryan Kesler in Flames zone.
0:36 of 3rd period - Shot by Trevor Daley.
0:36 of 3rd period - Shot Misses the Net.
0:38 of 3rd period - Shot by Jordan Staal.
0:38 of 3rd period - Shot Misses the Net.
0:40 of 3rd period - Shot by Jay Bouwmeester.
0:40 of 3rd period - Stopped by Tim Thomas without a rebound.
0:41 of 3rd period - Henrik Zetterberg wins face-off versus Anze Kopitar in Flames zone.
0:44 of 3rd period - Shot by Tuomo Ruutu.
0:44 of 3rd period - Stopped by Tim Thomas without a rebound.
0:45 of 3rd period - Jordan Staal wins face-off versus Anze Kopitar in Flames zone.
0:58 of 3rd period - Shot by Trevor Daley.
0:58 of 3rd period - Shot Misses the Net.
1:00 of 3rd period - Shot by Dan Cleary.
1:00 of 3rd period - Shot Blocked by Niklas Kronwall.
2:00 of 3rd period - Icing by Victor Hedman.
2:01 of 3rd period - David Legwand wins face-off versus Ryan Kesler in Sabres zone.
2:08 of 3rd period - Shot by Mike Knuble.
2:08 of 3rd period - Shot Blocked by Ryan Kesler.
2:10 of 3rd period - Shot by Jeff Schultz.
2:10 of 3rd period - Shot Misses the Net.
2:14 of 3rd period - Shot by Mike Knuble.
2:14 of 3rd period - Shot Misses the Net.
2:44 of 3rd period - Shot by Brenden Morrow.
2:44 of 3rd period - Deflect By Ryan Kesler.
2:44 of 3rd period - Shot Misses the Net.
2:54 of 3rd period - Dan Cleary is hit by Ryan Kesler and loses puck.
3:09 of 3rd period - Jeff Schultz is hit by Mikael Samuelsson and loses puck.
4:10 of 3rd period - Shot by Michael Grabner.
4:10 of 3rd period - Shot Blocked by Mike Richards.
4:14 of 3rd period - Shot by Dan Hamhuis.
4:14 of 3rd period - Stopped by Devan Dubnyk without a rebound.
4:15 of 3rd period - Henrik Zetterberg wins face-off versus Pierre-Marc Bouchard in Sabres zone.
4:15 of 3rd period - Tuomo Ruutu is hit by Jiri Hudler.
4:27 of 3rd period - Shot by Chris Stewart.
4:27 of 3rd period - Shot Blocked by Andrew MacDonald.
4:29 of 3rd period - Shot by Henrik Zetterberg.
4:29 of 3rd period - Stopped by Tim Thomas without a rebound.
4:30 of 3rd period - Henrik Zetterberg wins face-off versus Pierre-Marc Bouchard in Flames zone.
4:33 of 3rd period - Shot by Chris Stewart.
4:33 of 3rd period - Shot Misses the Net.
4:37 of 3rd period - Shot by Henrik Zetterberg.
4:37 of 3rd period - Shot Misses the Net.
4:41 of 3rd period - Shot by Chris Stewart.
4:41 of 3rd period - Stopped by Tim Thomas without a rebound.
4:42 of 3rd period - Anze Kopitar wins face-off versus Jordan Staal in Flames zone.
6:22 of 3rd period - Henrik Zetterberg is hit by Dan Boyle and loses puck.
6:32 of 3rd period - Brenden Morrow is hit by Jeff Schultz and loses puck.
8:19 of 3rd period - Mike Richards is hit by David Jones and loses puck.
9:27 of 3rd period - Off-side.
9:28 of 3rd period - David Legwand wins face-off versus Brenden Morrow in neutral zone.
9:35 of 3rd period - Icing by Brenden Morrow.
9:36 of 3rd period - Ryan Kesler wins face-off versus David Legwand in Flames zone.
10:06 of 3rd period - Icing by Mike Knuble.
10:07 of 3rd period - David Legwand wins face-off versus Pierre-Marc Bouchard in Sabres zone.
10:20 of 3rd period - Shot by Mike Knuble.
10:20 of 3rd period - Shot Hit the Post.
10:35 of 3rd period - Pierre-Marc Bouchard is hit by Brad Stuart and loses puck.
10:41 of 3rd period - David Jones is hit by Brad Stuart.
10:48 of 3rd period - Off-side.
10:49 of 3rd period - Anze Kopitar wins face-off versus Jordan Staal in neutral zone.
11:18 of 3rd period - Shot by Jordan Staal.
11:18 of 3rd period - Shot Misses the Net.
11:21 of 3rd period - Icing by Toni Lydman.
11:22 of 3rd period - David Legwand wins face-off versus Michael Grabner in Flames zone.
11:28 of 3rd period - Dan Cleary is hit by Toni Lydman and loses puck.
11:33 of 3rd period - Shot by Dan Cleary.
11:33 of 3rd period - Stopped by Tim Thomas without a rebound.
11:34 of 3rd period - Henrik Zetterberg wins face-off versus Mikael Samuelsson in Flames zone.
11:51 of 3rd period - Shot by Ryan Kesler.
11:51 of 3rd period - Deflect By Brenden Morrow.
11:51 of 3rd period - Stopped by Devan Dubnyk with a rebound.
12:24 of 3rd period - Icing by Brad Stuart.
12:25 of 3rd period - Henrik Zetterberg wins face-off versus Pierre-Marc Bouchard in Sabres zone.
12:53 of 3rd period - Shot by Andrew MacDonald.
12:53 of 3rd period - Shot Blocked by Jeff Schultz.
13:14 of 3rd period - Icing by Jeff Schultz.
13:15 of 3rd period - David Legwand wins face-off versus Anze Kopitar in Sabres zone.
13:15 of 3rd period - David Legwand is hit by Dustin Brown.
13:35 of 3rd period - Shot by Anze Kopitar.
13:35 of 3rd period - Goal by Anze Kopitar - Flames : 3 - Sabres : 2.
13:36 of 3rd period - Ryan Kesler wins face-off versus Jordan Staal in neutral zone.
13:45 of 3rd period - Shot by Marian Hossa.
13:45 of 3rd period - Shot Misses the Net.
14:16 of 3rd period - Shot by Brenden Morrow.
14:16 of 3rd period - Shot Blocked by Trevor Daley.
14:37 of 3rd period - Icing by Tyler Myers.
14:38 of 3rd period - Jordan Staal wins face-off versus Pierre-Marc Bouchard in Sabres zone.
14:50 of 3rd period - Icing by Jack Johnson.
14:51 of 3rd period - Pierre-Marc Bouchard wins face-off versus Henrik Zetterberg in Flames zone.
14:51 of 3rd period - Andrew MacDonald is hit by Tuomo Ruutu.
15:52 of 3rd period - Shot by Mike Knuble.
15:52 of 3rd period - Shot Misses the Net.
15:56 of 3rd period - Shot by Mike Knuble.
15:56 of 3rd period - Shot Misses the Net.
15:58 of 3rd period - Shot by Victor Hedman.
15:58 of 3rd period - Stopped by Tim Thomas with a rebound.
16:14 of 3rd period - Shot by Michael Grabner.
16:14 of 3rd period - Shot Misses the Net.
16:22 of 3rd period - Shot by Mike Knuble.
16:22 of 3rd period - Stopped by Tim Thomas without a rebound.
16:23 of 3rd period - Ryan Kesler wins face-off versus Jordan Staal in Flames zone.
16:23 of 3rd period - Ryan Kesler is hit by Mike Richards.
16:41 of 3rd period - Mikael Samuelsson is hit by Tyler Myers and loses puck.
17:00 of 3rd period - Shot by Mikael Samuelsson.
17:00 of 3rd period - Stopped by Devan Dubnyk without a rebound.
17:01 of 3rd period - Henrik Zetterberg wins face-off versus David Jones in Sabres zone.
17:06 of 3rd period - Andrew MacDonald is hit by Tuomo Ruutu and loses puck.
17:41 of 3rd period - Shot by Pierre-Marc Bouchard.
17:41 of 3rd period - Shot Misses the Net.
17:43 of 3rd period - Shot by David Jones.
17:43 of 3rd period - Shot Misses the Net.
18:57 of 3rd period - Shot by Mike Knuble.
18:57 of 3rd period - Deflect By Dan Cleary.
18:57 of 3rd period - Stopped by Tim Thomas with a rebound.
19:31 of 3rd period - Sabres, Devan Dubnyk is pulled from the net.
19:46 of 3rd period - Off-side.
19:47 of 3rd period - Marian Hossa wins face-off versus Ryan Kesler in neutral zone.
19:54 of 3rd period - Icing by Dan Boyle.
19:55 of 3rd period - Marian Hossa wins face-off versus Mikael Samuelsson in Flames zone.


Output by the SimonT Hockey Simulator (STHS) for Stephane Roy -- Original Page W3C XHTML 1.0 Valid